 Dungeon Crawl Stone Soup version 0.30-a0-1160-g6e42c06 (webtiles) character file.

Game seed: 496868734901543825

131 Dorkslayer the Trooper (level 5, 0/33 HPs)
             Began as a Gargoyle Fighter on Apr 25, 2023.
             Slain by an orc
             ... wielding a +0 club
              (2 damage)
             ... on level 3 of the Dungeon.
             The game lasted 00:02:53 (1775 turns).

Dorkslayer the Trooper (Gargoyle Fighter)           Turns: 1775, Time: 00:02:54

Health: 0/33       AC: 11    Str: 19    XL:     5   Next: 14%
Magic:  5/5        EV:  9    Int:  9    God:
Gold:   99         SH:  4    Dex: 11    Spells: 4/4 levels left

rFire   . . .        a - +0 war axe
rCold   . . .        c - +0 buckler
rNeg    + . .        b - +0 scale mail
rPois   ∞            (no helmet)
rElec   +            (no cloak)
rCorr   .            (no gloves)
SInv    .            (no boots)
Will    .....        (no amulet) Stlth
                     (no ring)
HPRegen 0.25/turn    (no ring)
MPRegen 0.09/turn

%: no passive effects
@: no status effects
A: sickness immunity, AC +4, negative energy resistance 1, electricity
resistance, torment resistance 1, petrification resistance
a: no special abilities


You were on level 3 of the Dungeon.
You visited 1 branch of the dungeon, and saw 3 of its levels.

You collected 99 gold pieces.

Inventory:

Hand Weapons
 a - a +0 war axe (weapon)
Armour
 b - a +0 scale mail (worn)
 c - a +0 buckler (worn)
Wands
 n - a wand of polymorph (5)
Scrolls
 f - a scroll of identify {unknown}
 h - a scroll of enchant weapon {unknown}
 i - a scroll of poison {unknown}
 j - a scroll of noise {unknown}
 k - a scroll of teleportation {unknown}
 o - 2 scrolls of amnesia {unknown}
 q - a scroll of blinking {unknown}
 r - a scroll of torment {unknown}
Potions
 d - 2 potions of might
 e - a potion of magic {unknown}
 g - a potion of lignification {unknown}
 l - 2 potions of curing {unknown}
 m - a potion of berserk rage {unknown}
 p - a potion of haste {unknown}
 s - 2 potions of degeneration {unknown}


   Skills:
 + Level 4.1 Fighting
 + Level 2.5 Axes
 + Level 3.9 Armour
 * Level 1.2 Dodging
 + Level 0.2 Stealth
 + Level 3.6 Shields
 * Level 1.3 Evocations


You had 4 spell levels left.
You didn't know any spells.
Your spell library contained the following spells:

 Spells                   Type           Power      Damage    Failure   Level
 Sandblast                Erth           0%         2d4       83%         1
 Passwall                 Tmut/Erth      0%         N/A       92%         2
 Wereblood                Tmut           0%         N/A       92%         2
 Stone Arrow              Conj/Erth      0%         3d7       99%         3
 Summon Hydra             Summ           0%         N/A       100%        7
 Sublimation of Blood     Necr           Unusable   N/A       N/A         2

Dungeon Overview and Level Annotations

Branches:
Dungeon (3/15)

Altars:

Annotations:
D:3 Robin


Innate Abilities, Weirdness & Mutations

You are immune to sickness and miasma.
Your stone body is resilient. (AC +4)
You are immune to poison.
You resist negative energy. (rN+)
You are resistant to electric shocks. (rElec)
You are resistant to unholy torment.
You are immune to petrification.


Message History

You kill the orc!
Robin hits you from afar with a +0 trident.
Robin barely misses you. The endoplasm freezes you.
You are frozen.
You slash the endoplasm!
You kill the endoplasm!
Robin hits you from afar with a +0 trident.
Unknown command.
You closely miss the kobold.
You feel a little less mighty now. You block Robin's attack.
The kobold closely misses you. Robin barely misses you.
You block the kobold's attack.
Unknown command.
You slash the kobold!
You kill the kobold!
Robin barely misses you.
Unknown command.
You closely miss the orc.
Robin says, "We wiped out the hill dwarves - you're next!"
Robin hits you from afar with a +0 trident.
You block the orc's attack. Robin closely misses you.
The orc closely misses you.
You closely miss the orc.
Robin hits you from afar with a +0 trident.
* * * LOW HITPOINT WARNING * * *
The orc closely misses you.
Unknown command.
You hit the orc.
The orc is severely wounded.
The orc barely misses you. Robin barely misses you.
You barely miss the orc.
The orc is severely wounded.
The hobgoblin no longer looks unusually strong.
Robin hits you from afar with a +0 trident.
* * * LOW HITPOINT WARNING * * *
The orc hits you with a +0 club.
* * * LOW HITPOINT WARNING * * *
The orc hits you with a +0 club.
You die...

#........#
........
.......
..... ..w$


gg# #o# #@# #)# #.# #<# ### You could see a worm, Robin, an orc and a hobgoblin.

Vanquished Creatures
  2 orc wizards (D:3)
  An adder (D:2)
  2 worms (D:2)
  6 orcs (D:3)
  A ball python (D:2)
  A bat (D:2)
  5 endoplasms
  A giant cockroach (D:2)
  13 goblins
  7 hobgoblins
  3 jackals (D:1)
  3 quokkas (D:1)
  2 frilled lizards
  4 kobolds
  7 rats
58 creatures vanquished.

Notes
Turn   | Place    | Note
-------+----------+-------------------------------------------
     0 | D:1      | Dorkslayer the Gargoyle Fighter began the quest for the
                  | Orb.
     0 | D:1      | Reached XP level 1. HP: 14/14 MP: 1/1
   181 | D:1      | Reached XP level 2. HP: 16/19 MP: 2/2
   651 | D:1      | Reached XP level 3. HP: 23/23 MP: 3/3
  1382 | D:2      | Reached skill level 1 in Evocations
  1724 | D:3      | Reached skill level 1 in Dodging
  1724 | D:3      | Reached XP level 4. HP: 28/28 MP: 4/4
  1725 | D:3      | Noticed Robin
  1754 | D:3      | Reached skill level 4 in Fighting
  1754 | D:3      | Reached XP level 5. HP: 21/33 MP: 5/5
  1775 | D:3      | Slain by an orc

Illustrated notes

Levels and vault maps discovered:
D:1:      zelgadis_glass_arrival_small, layout_loops_ring,
          chequers_decorated_corner, minmay_misc_feat_room,
          roderic_serpentine_path
D:2:      layout_basic
D:3:      layout_basic, uniq_robin

Skill      XL: |  1  2  3  4 |
---------------+-------------+-----
Axes           | 2 |  2.5
Evocations     | 1 |  1.3
Dodging        | 1 |  1.2
Fighting       | 4 |  4.1
Armour         | |  3.9
Stealth        | |  0.2
Shields        | |  3.6

Action                     |  1- 3 |  4- 6 || total
---------------------------+-------+-------++-------
  Melee: War axe           |   109 |    50 ||   159
    Use: Scroll            |     1 |       ||     1
         Potion            |     1 |       ||     1
 Armour: Scale mail        |    65 |    24 ||    89
  Dodge: Dodged            |    44 |    22 ||    66
  Block: Buckler           |    24 |    10 ||    34

Table legend: (Time is in decaauts)
 A = Elapsed time spent in this place.
 B = Non-inter-level travel time spent in this place.
 C = Inter-level travel time spent in this place.
 D = Time resting spent in this place.
 E = Time spent auto-exploring this place.
 F = Levels seen in this place.
 G = Mean time per level.
                   A        B        C        D        E       F      G
               +--------+--------+--------+--------+--------+-----+--------+
         Total |   1843 |   1843 |      0 |      0 |   1149 |   3 |  614.3 |
       Dungeon |   1843 |   1843 |      0 |      0 |   1149 |   3 |  614.3 |
               +--------+--------+--------+--------+--------+-----+--------+

Top non-repeatable levels by time:
     D:1: 935 daAuts
     D:2: 825 daAuts
     D:3: 81 daAuts
